General information
- name: BNet
- type: Ladder team game (AT/RT)
- host: Battle.net
- saver: WestCoastSucks
map: MarketSquare
- players: 8
- length: 20:26
- speed: Fast
- version: 1.26 W3XP
- replay type: Public
» download(128 KB)
Players
team 1 (loser)
Monkey_p_p (
red | 51 APM | 788 actions | 15:24)
4 Mountain King
2 Storm Bolt
2 Bash
» actions
| Build / train | 58 | |
| Enter build submenu | 23 | |
| Enter hero's abilities submenu | 5 | |
| Give item / drop item | 1 | |
| Right click | 490 | |
| Select / deselect | 160 | |
| Use ability | 51 | |
788 total
» units
| Peasant | 17 | |
| Footman | 11 | |
| Knight | 3 | |
31 total
» upgrades
| Lumber Harvesting | 2 | |
| Swords | 2 | |
| Plating | 1 | |
| Masonry | 1 | |
| Magic Sentry | 1 | |
7 total
» buildings
| Altar of Kings | 1 | |
| Farm | 6 | |
| Barracks | 1 | |
| Lumber Mill | 1 | |
| Arcane Vault | 1 | |
| Keep | 1 | |
| Scout Tower | 8 | |
| Blacksmith | 1 | |
| Guard Tower | 4 | |
| Castle | 1 | |
| Arcane Sanctum | 1 | |
| Arcane Tower | 6 | |
| Workshop | 2 | |
34 total
» build order
00:08 Altar of Kings
00:29 Farm
00:38 Barracks
01:07 Farm
01:50 Farm
02:17 Lumber Mill
02:35 Farm
03:21 Farm
03:31 Arcane Vault
03:49 Keep
04:19 Farm
04:26 Scout Tower
05:06 Scout Tower
05:19 Blacksmith
05:21 Guard Tower
05:24 Scout Tower
05:52 Guard Tower
05:54 Guard Tower
05:57 Scout Tower
06:02 Scout Tower
06:26 Castle
08:05 Guard Tower
09:32 Arcane Sanctum
09:56 Scout Tower
10:06 Arcane Tower
10:11 Scout Tower
10:38 Arcane Tower
11:01 Scout Tower
11:36 Arcane Tower
13:17 Arcane Tower
13:50 Arcane Tower
14:34 Arcane Tower
15:14 Workshop
15:17 Workshop
» items
redwagon (
purple | 74 APM | 1452 actions | 19:38)
6 Blademaster
2 Wind Walk
3 Critical Strike
1 Bladestorm
1 Mountain King
1 Storm Bolt
» actions
| Assign group hotkey | 27 | |
| Build / train | 70 | |
| Enter build submenu | 11 | |
| Enter hero's abilities submenu | 7 | |
| Give item / drop item | 4 | |
| Remove unit from queue | 3 | |
| Right click | 556 | |
| Select / deselect | 197 | |
| Select group hotkey | 521 | |
| Use ability | 56 | |
1452 total
» units
| Peon | 14 | |
| Wind Rider | 13 | |
| Forest Troll High Priest | 1 | |
| Kodo Beast | 1 | |
| Troll Batrider | 2 | |
| Siege Engine | 6 | |
37 total
» upgrades
| Ranged Weapons | 3 | |
| Armor | 3 | |
| Envenomed Spears | 1 | |
| War Drums Damage Increase | 1 | |
| Barrage | 1 | |
9 total
» buildings
| Altar of Storms | 1 | |
| Orc Burrow | 5 | |
| Voodoo Lounge | 1 | |
| Stronghold | 1 | |
| War Mill | 1 | |
| Beastiary | 4 | |
| Fortress | 1 | |
| Great Hall | 1 | |
15 total
» build order
00:08 Altar of Storms
00:12 Orc Burrow
00:35 Voodoo Lounge
01:23 Orc Burrow
02:41 Stronghold
02:59 Orc Burrow
03:00 Orc Burrow
03:31 War Mill
05:11 Beastiary
05:12 Beastiary
05:13 Beastiary
05:21 Beastiary
06:25 Orc Burrow
08:24 Fortress
09:13 Great Hall
» items
| Healing Salve | 2 | |
| Circlet of Nobility | 1 | |
| Lesser Clarity Potion | 1 | |
| Orb of Lightning | 1 | |
| Boots of Speed | 1 | |
| Scroll of Town Portal | 2 | |
8 total

»
whatsadicfer (
blue | 41 APM | 841 actions | 20:25)
6 Death Knight
2 Unholy Aura
3 Death Coil
1 Animate Dead
2 Dreadlord
1 Vampiric Aura
1 Carrion Swarm
» actions
| Assign group hotkey | 16 | |
| Basic commands | 75 | |
| Build / train | 53 | |
| Enter build submenu | 17 | |
| Enter hero's abilities submenu | 8 | |
| Remove unit from queue | 1 | |
| Right click | 225 | |
| Select / deselect | 145 | |
| Select group hotkey | 250 | |
| Use ability | 51 | |
841 total
» units
| Acolyte | 18 | |
| Ghoul | 4 | |
| Crypt Fiend | 6 | |
| Obsidian Statue | 1 | |
29 total
» upgrades
| Creature Attack | 2 | |
| Creature Carapace | 2 | |
| Web | 1 | |
| Burrow | 1 | |
6 total
» buildings
| Ziggurat | 8 | |
| Altar of Darkness | 1 | |
| Tomb of Relics | 1 | |
| Graveyard | 1 | |
| Crypt | 2 | |
| Halls of the Dead | 1 | |
| Black Citadel | 1 | |
| Sacrificial Pit | 1 | |
| Slaughterhouse | 1 | |
| Spirit Tower | 2 | |
19 total
» build order
00:11 Ziggurat
00:19 Altar of Darkness
01:00 Tomb of Relics
01:08 Graveyard
01:16 Ziggurat
01:38 Ziggurat
01:57 Crypt
02:29 Crypt
04:06 Ziggurat
05:26 Halls of the Dead
08:29 Black Citadel
08:39 Sacrificial Pit
08:44 Ziggurat
08:45 Ziggurat
08:46 Ziggurat
09:06 Slaughterhouse
12:23 Spirit Tower
15:16 Ziggurat
16:36 Spirit Tower
» items
| Rod of Necromancy | 3 | |
| Orb of Fire | 1 | |
4 total
hempmeh (
orange | 42 APM | 820 actions | 19:42)
5 Priestess of the Moon
3 Searing Arrows
2 Trueshot Aura
1 Keeper of the Grove
1 Entangling Roots
» actions
| Assign group hotkey | 30 | |
| Basic commands | 19 | |
| Build / train | 78 | |
| Enter build submenu | 19 | |
| Enter hero's abilities submenu | 6 | |
| Remove unit from queue | 3 | |
| Right click | 364 | |
| Select / deselect | 220 | |
| Select group hotkey | 44 | |
| Use ability | 37 | |
820 total
» units
| Wisp | 30 | |
| Archer | 6 | |
| Huntress | 4 | |
| Hippogryph | 10 | |
| Dryad | 5 | |
| Druid of the Claw | 1 | |
56 total
» upgrades
| Strength of the Moon | 2 | |
| Moon Armor | 2 | |
| Strength of the Wild | 1 | |
| Reinforced Hides | 1 | |
| Sentinel | 1 | |
| Improved Bows | 1 | |
| Druid of the Claw Training | 1 | |
| Abolish Magic | 1 | |
10 total
» buildings
| Altar of Elders | 1 | |
| Moon Well | 7 | |
| Ancient of War | 2 | |
| Hunter's Hall | 1 | |
| Tree of Ages | 1 | |
| Ancient of Wonders | 1 | |
| Ancient of Lore | 2 | |
| Ancient of Wind | 1 | |
| Tree of Life | 1 | |
| Ancient Protector | 3 | |
20 total
» build order
00:11 Altar of Elders
00:19 Moon Well
00:30 Ancient of War
01:30 Moon Well
01:57 Ancient of War
02:50 Hunter's Hall
03:49 Moon Well
04:33 Moon Well
06:15 Tree of Ages
06:22 Moon Well
06:27 Ancient of Wonders
08:37 Ancient of Lore
08:44 Ancient of Lore
08:59 Ancient of Wind
10:07 Tree of Life
12:09 Ancient Protector
12:15 Ancient Protector
12:19 Ancient Protector
16:54 Moon Well
17:01 Moon Well
team 2 (winner)
mulhaminator54 (
yellow | 34 APM | 686 actions | 20:25)
6 Crypt Lord
3 Carrion Beetles
2 Spiked Carapace
1 Locust Swarm
5 Death Knight
2 Death Coil
2 Unholy Aura
1 Death Pact
» actions
| Assign group hotkey | 1 | |
| Build / train | 41 | |
| Enter build submenu | 14 | |
| Enter hero's abilities submenu | 11 | |
| Right click | 420 | |
| Select / deselect | 163 | |
| Select group hotkey | 3 | |
| Use ability | 33 | |
686 total
» units
| Acolyte | 2 | |
| Ghoul | 3 | |
| Crypt Fiend | 2 | |
| Frost Wyrm | 7 | |
14 total
» upgrades
| Creature Attack | 3 | |
| Creature Carapace | 3 | |
| Freezing Breath | 1 | |
7 total
» buildings
| Ziggurat | 7 | |
| Altar of Darkness | 1 | |
| Crypt | 1 | |
| Graveyard | 1 | |
| Nerubian Tower | 2 | |
| Spirit Tower | 2 | |
| Halls of the Dead | 1 | |
| Black Citadel | 1 | |
| Sacrificial Pit | 1 | |
| Boneyard | 2 | |
19 total
» build order
00:10 Ziggurat
00:13 Altar of Darkness
00:37 Crypt
01:05 Graveyard
01:23 Ziggurat
02:16 Nerubian Tower
02:27 Spirit Tower
03:00 Halls of the Dead
03:27 Ziggurat
04:20 Spirit Tower
05:21 Black Citadel
05:29 Sacrificial Pit
06:12 Ziggurat
07:23 Nerubian Tower
07:49 Boneyard
07:51 Boneyard
09:10 Ziggurat
10:20 Ziggurat
11:56 Ziggurat
» items
WestCoastSucks (
green | 62 APM | 1269 actions | 20:26)
5 Blood Mage
3 Flame Strike
2 Siphon Mana
» actions
| Assign group hotkey | 77 | |
| Basic commands | 4 | |
| Build / train | 90 | |
| Enter build submenu | 37 | |
| Enter hero's abilities submenu | 5 | |
| Give item / drop item | 3 | |
| Remove unit from queue | 2 | |
| Right click | 591 | |
| Select / deselect | 288 | |
| Select group hotkey | 78 | |
| Use ability | 94 | |
1269 total
» units
| Peasant | 18 | |
| Footman | 12 | |
| Sorceress | 7 | |
37 total
» upgrades
| Lumber Harvesting | 2 | |
| Sorceress Training | 1 | |
| Magic Sentry | 1 | |
| Masonry | 3 | |
| Defend | 1 | |
8 total
» buildings
| Altar of Kings | 1 | |
| Barracks | 1 | |
| Farm | 5 | |
| Scout Tower | 25 | |
| Arcane Tower | 1 | |
| Arcane Vault | 1 | |
| Lumber Mill | 1 | |
| Keep | 1 | |
| Town Hall | 1 | |
| Guard Tower | 8 | |
| Arcane Sanctum | 2 | |
| Castle | 1 | |
48 total
» build order
00:56 Altar of Kings
00:58 Barracks
01:02 Farm
01:06 Farm
01:11 Farm
01:32 Scout Tower
01:51 Farm
01:55 Farm
02:21 Arcane Tower
03:24 Arcane Vault
04:13 Lumber Mill
04:57 Keep
05:05 Town Hall
06:09 Scout Tower
06:09 Scout Tower
06:12 Scout Tower
06:13 Scout Tower
06:15 Scout Tower
06:17 Scout Tower
06:18 Scout Tower
06:20 Scout Tower
06:44 Guard Tower
07:42 Guard Tower
07:48 Arcane Sanctum
08:32 Arcane Sanctum
08:36 Scout Tower
08:37 Scout Tower
08:38 Scout Tower
08:39 Scout Tower
08:40 Scout Tower
08:42 Scout Tower
08:42 Scout Tower
08:43 Scout Tower
09:12 Guard Tower
09:16 Guard Tower
09:30 Guard Tower
09:34 Scout Tower
09:36 Scout Tower
10:15 Guard Tower
12:32 Guard Tower
14:32 Castle
15:37 Scout Tower
15:38 Scout Tower
15:38 Scout Tower
15:39 Scout Tower
15:39 Scout Tower
15:40 Scout Tower
17:46 Guard Tower
» items
| Boots of Speed | 1 | |
| Periapt of Vitality | 1 | |
| Staff of Teleportation | 4 | |
| Potion of Invisibility | 3 | |
| Potion of Lesser Invulnerability | 1 | |
| Potion of Healing | 3 | |
| Scroll of Regeneration | 4 | |
| Potion of Mana | 3 | |
| Lesser Clarity Potion | 3 | |
| Scroll of Town Portal | 3 | |
26 total
danielowns (
teal | 60 APM | 1234 actions | 20:25)
5 Death Knight
3 Death Coil
2 Unholy Aura
4 Lich
2 Frost Nova
2 Frost Armor
» actions
| Assign group hotkey | 14 | |
| Basic commands | 35 | |
| Build / train | 47 | |
| Enter build submenu | 16 | |
| Enter hero's abilities submenu | 9 | |
| Give item / drop item | 2 | |
| Remove unit from queue | 4 | |
| Right click | 739 | |
| Select / deselect | 200 | |
| Select group hotkey | 126 | |
| Use ability | 42 | |
1234 total
» units
| Acolyte | 8 | |
| Ghoul | 3 | |
| Crypt Fiend | 7 | |
| Frost Wyrm | 8 | |
26 total
» upgrades
| Creature Attack | 2 | |
| Web | 1 | |
| Freezing Breath | 1 | |
4 total
» buildings
| Ziggurat | 9 | |
| Altar of Darkness | 1 | |
| Crypt | 2 | |
| Graveyard | 1 | |
| Halls of the Dead | 1 | |
| Black Citadel | 1 | |
| Sacrificial Pit | 1 | |
| Boneyard | 2 | |
| Tomb of Relics | 1 | |
19 total
» build order
00:09 Ziggurat
00:11 Altar of Darkness
00:36 Crypt
01:01 Graveyard
01:16 Ziggurat
01:36 Crypt
02:31 Ziggurat
05:33 Halls of the Dead
05:53 Ziggurat
05:56 Ziggurat
08:34 Black Citadel
08:37 Ziggurat
08:38 Ziggurat
08:38 Ziggurat
08:40 Ziggurat
09:38 Sacrificial Pit
11:02 Boneyard
11:05 Boneyard
11:07 Tomb of Relics
Amsterswim (
pink | 23 APM | 478 actions | 20:25)
4 Crypt Lord
2 Impale
1 Carrion Beetles
1 Spiked Carapace
3 Death Knight
1 Death Coil
2 Death Pact
3 Dreadlord
1 Sleep
2 Vampiric Aura
» actions
| Basic commands | 75 | |
| Build / train | 69 | |
| Enter build submenu | 26 | |
| Enter hero's abilities submenu | 10 | |
| Right click | 4 | |
| Select / deselect | 219 | |
| Use ability | 75 | |
478 total
» units
| Acolyte | 7 | |
| Ghoul | 6 | |
| Crypt Fiend | 7 | |
| Necromancer | 7 | |
| Meatwagon | 1 | |
| Obsidian Statue | 1 | |
| Abomination | 4 | |
33 total
» upgrades
| Burrow | 2 | |
| Web | 2 | |
| Necromancer Training | 2 | |
| Skeletal Longevity | 1 | |
| Skeletal Mastery | 1 | |
| Exhume Corpses | 1 | |
| Disease Cloud | 1 | |
| Unholy Strength | 2 | |
| Unholy Armor | 1 | |
13 total
» buildings
| Ziggurat | 11 | |
| Altar of Darkness | 1 | |
| Crypt | 1 | |
| Graveyard | 1 | |
| Tomb of Relics | 1 | |
| Nerubian Tower | 2 | |
| Spirit Tower | 3 | |
| Halls of the Dead | 1 | |
| Black Citadel | 1 | |
| Temple of the Damned | 2 | |
| Slaughterhouse | 2 | |
26 total
» build order
00:16 Ziggurat
00:35 Altar of Darkness
00:49 Crypt
01:26 Graveyard
01:33 Tomb of Relics
01:41 Nerubian Tower
01:58 Ziggurat
02:38 Ziggurat
02:54 Spirit Tower
03:17 Ziggurat
04:32 Halls of the Dead
05:30 Spirit Tower
05:33 Nerubian Tower
05:34 Spirit Tower
06:54 Black Citadel
07:33 Ziggurat
08:33 Temple of the Damned
08:48 Temple of the Damned
09:13 Slaughterhouse
11:41 Slaughterhouse
14:31 Ziggurat
14:33 Ziggurat
14:36 Ziggurat
14:46 Ziggurat
15:06 Ziggurat
15:23 Ziggurat
» items
| Rod of Necromancy | 1 | |
| Scroll of Town Portal | 1 | |
| Orb of Corruption | 1 | |
3 total
Chat log
(00:17 / Allies) mulhaminator54: lets rush
(00:18 / Allies) mulhaminator54: 3 ud
(00:20 / All) WestCoastSucks: West coast niggers ain't shit
(00:20 / Allies) mulhaminator54: mass ghouls
(07:11 / Allies) danielowns: pink why are u in my base
(07:25 / Allies) Amsterswim: i like your hero
(08:08 / Allies) Amsterswim: teal, can i creep with you?
(13:55 / All) WestCoastSucks: purple you have some kind of map hack?
(14:38 / Allies) Amsterswim: thsnk
(14:46 / All) WestCoastSucks: map hacker
(15:05 / All) WestCoastSucks: 100% map hacker you made it obvious
(17:13 / All) WestCoastSucks: get raped hacker
(19:09 / All) WestCoastSucks: purple how mad you are?
(19:13 / All) WestCoastSucks: how mad you are you lost with map hack?